 Dungeon Crawl Stone Soup version 0.21.1-1-g345015f (webtiles) character file.

264 diana the Slasher (level 5, -7/43 HPs)
             Began as a Demonspawn Gladiator on June 8, 2018.
             Killed by divine providence
             ... invoked by an orc priest
              (8 damage)
             ... on level 3 of the Dungeon.
             The game lasted 00:03:13 (2859 turns).

diana the Slasher (Demonspawn Gladiator)            Turns: 2859, Time: 00:03:13

Health: -7/43      AC:  5    Str: 14    XL:     5   Next: 98%
Magic:  0/5        EV: 13    Int: 10    God:
Gold:   92         SH:  0    Dex: 15    Spells: 4/4 levels left

rFire    . . .     SeeInvis .   a - +0 long sword
rCold    . . .     Gourm    .   (no shield)
rNeg     . . .     Faith    .   b - +0 leather armour
rPois    .         Spirit   +   c - +0 helmet
rElec    .         Reflect  .   (no cloak)
rCorr    .         Harm     .   (no gloves)
MR       .....                  (no boots)
Stlth    +.........             (no amulet)
HPRegen  0.14/turn              (no ring)
MPRegen  0.09/turn              (no ring)

@: lethally poisoned (-7 -> -8)
A: rugged brown scales 1, magic shield
a: no special abilities


You were on level 3 of the Dungeon.
You were not hungry.

You visited 1 branch of the dungeon, and saw 3 of its levels.

You collected 92 gold pieces.

Inventory:

Hand Weapons
 a - a +0 long sword (weapon)
Missiles
 d - 3 throwing nets (quivered)
Armour
 b - a +0 leather armour (worn)
 c - a +0 helmet (worn)
Jewellery
 e - an uncursed ring of poison resistance {unknown}
 k - an uncursed ring of protection from magic {unknown}
Scrolls
 g - 5 scrolls of identify {unknown}
 h - 2 scrolls of amnesia {unknown}
 i - 2 scrolls of fog {unknown}
 l - a scroll of enchant armour {unknown}
Comestibles
 f - 7 rations
 j - 2 chunks of flesh


   Skills:
 * Level 4.2 Fighting
 * Level 4.3 Long Blades
 - Level 1.7 Throwing
 + Level 3.6 Dodging


You had 4 spell levels left.
You didn't know any spells.

Dungeon Overview and Level Annotations

Branches:
Dungeon (3/15)

Altars:
Fedhas


Innate Abilities, Weirdness & Mutations

You are partially covered in rugged brown scales. (AC +1, +3% HP)
When hurt, damage is shared between your health and your magic reserves.


Message History

The rat is moderately wounded.
The rat barely misses you.
The orc priest looks satisfied for a moment.
* * * LOW HITPOINT WARNING * * *
You feel sick.
* * * LOW HITPOINT WARNING * * *
You feel sick. The rat bites you but does no damage.
You aren't carrying any potions.
Okay, then.
* * * LOW HITPOINT WARNING * * *
You feel sick. The rat bites you but does no damage.
The rat bites you but does no damage.
You closely miss the rat.
The rat is moderately wounded.
The rat bites you but does no damage. The rat closely misses you.
You slash the rat!
You kill the rat!
The orc priest calls down the wrath of Beogh upon you.
Beogh smites you!
You die...

#.o# #rl# #.%#
#. #o.####### #.
#..#.)...# #.
#..#.###o# #.#
#....# #o#
##.###.##.###†#
##......##....@#
#>..P)P.####..##
#...)_[.# ##.#
#...P)P.# #.#
#.#.....#####.#
#.#..#####.....
#)).## #.##.# #
#)#### #.##.#
... .# #....#
#.##.# ....#


You could see an orc priest and an orc.

Vanquished Creatures
  Sigmund (D:2)
  3 adders
  A worm (D:2)
  2 dart slugs
  4 leopard geckos
  7 orcs (D:3)
  2 giant cockroaches (D:1)
  6 hobgoblins
  A quokka (D:2)
  6 bats
  A frilled lizard (D:1)
  12 goblins
  10 kobolds
  5 rats
61 creatures vanquished.

Notes
Turn   | Place    | Note
-------+----------+-------------------------------------------
     0 | D:1      | diana the Demonspawn Gladiator began the quest for the Orb.
     0 | D:1      | Reached XP level 1. HP: 16/16 MP: 1/1
     0 | D:1      | Noticed a ghoul
     0 | D:1      | Noticed a troll
     0 | D:1      | Noticed a centaur
     1 | D:1      | Noticed a felid
     5 | D:1      | Noticed a draconian
     6 | D:1      | Noticed an octopode
     7 | D:1      | Noticed a vine stalker
     8 | D:1      | Noticed a vampire
    10 | D:1      | Noticed a centaur
    12 | D:1      | Noticed a centaur
    13 | D:1      | Noticed a vampire
    17 | D:1      | Noticed an ogre
    17 | D:1      | Noticed an ogre
    19 | D:1      | Noticed a vine stalker
   157 | D:1      | Gained mutation: When hurt, damage is shared between your health and your magic reserves. [demonic ancestry]
   157 | D:1      | Reached XP level 2. HP: 12/22 MP: 2/2
   587 | D:1      | Gained mutation: You are partially covered in rugged brown scales. (AC +1, +3% HP) [demonic ancestry]
   587 | D:1      | Reached XP level 3. HP: 21/28 MP: 1/3
  1924 | D:2      | Reached XP level 4. HP: 35/36 MP: 4/4
  2103 | D:2      | Noticed Sigmund
  2114 | D:2      | Killed Sigmund
  2114 | D:2      | Reached XP level 5. HP: 16/43 MP: 1/5
  2463 | D:3      | Found a blossoming altar of Fedhas.
  2851 | D:3      | HP: 2/43 [poisoned by an adder]
  2856 | D:3      | HP: 1/43 [poisoned by an adder]
  2859 | D:3      | Killed from afar by an orc priest

Skill      XL: |  1  2  3  4 |
---------------+-------------+-----
Long Blades    | 3 4 |  4.3
Dodging        | 3 |  3.6
Fighting       | 3 4 |  4.2
Throwing       | |  1.7

Action                   |  1- 3 |  4- 6 || total
-------------------------+-------+-------++-------
Melee: Long sword        |   107 |    60 ||   167
 Stab: Sleeping          |     1 |       ||     1
  Eat: Chunk             |     3 |     3 ||     6
Armor: Leather armour    |    35 |    19 ||    54
Dodge: Dodged            |   104 |    45 ||   149
       Rpst.: Long sword |    29 |    18 ||    47
